 Dungeon Sprint DCSS version 0.19-a0-462-g6140235 (webtiles) character file.

226 Ordine the Thaumaturge (level 5, -5/28 HPs)
             Began as a Deep Elf Fire Elementalist on June 3, 2016.
             Was a Follower of Vehumet.
             Slain by an air elemental (13 damage)
             ... in the Dungeon (Sprint V: "Ziggurat Sprint").
             The game lasted 00:06:06 (471 turns).

Ordine the Thaumaturge (Deep Elf Fire Elementalist)  Turns: 471, Time: 00:06:07

Health: -5/28      AC:  2    Str:  5    XL:     5   Next: 69%
Magic:  9/19       EV: 13    Int: 33    God:    Vehumet [*.....]
Gold:   0          SH:  0    Dex: 15    Spells: 4 memorised, 11 levels left

rFire  . . .     SeeInvis .     p - staff of energy
rCold  . . .     Gourm    .     a - +0 robe
rNeg   . . .     Faith    .     (no shield)
rPois  .         Spirit   .     (no helmet)
rElec  .         Dismiss  .     (no cloak)
rCorr  .         Reflect  .     (no gloves)
SustAt .         Harm     .     (no boots)
MR     .....     NoTele   +     (no amulet)
Stlth  ++........               l - +6 ring of intelligence
                                m - +6 ring of intelligence

@: invisible, not resistant to hostile enchantments, unstealthy
A: no striking features
a: Renounce Religion


You were in the Dungeon.
You worshipped Vehumet.
Vehumet was aware of your devotion.
You were not hungry.

You visited 1 branch

Inventory:

Armour
 a - a +0 robe (worn)
Magical Staves
 j - an uncursed staff of wizardry
 p - an uncursed staff of energy (weapon)
Jewellery
 l - a +6 ring of intelligence (right hand)
 m - a +6 ring of intelligence (left hand)
Wands
 r - a wand of disintegration (7/24)
 s - a wand of iceblast (5/15)
 t - a wand of lightning (5/15)
 u - a wand of acid (5/15)
Scrolls
 i - 4 scrolls of blinking
 y - 4 scrolls of amnesia
 C - 3 scrolls of recharging
 D - 7 scrolls of fog
 E - a scroll of holy word
 F - 5 scrolls of identify
 G - 5 scrolls of remove curse
 H - 2 scrolls of fear
Potions
 d - 10 potions of curing
 e - 10 potions of heal wounds
 f - 6 potions of haste
 g - 7 potions of magic
 h - a potion of berserk rage
 v - 2 potions of brilliance
 w - a potion of invisibility
 x - 4 potions of resistance
 A - 5 potions of agility
 B - 5 potions of might
Books
 b - a book of Flames

   Spells                             Type                      Level
   a - Flame Tongue                   Conjuration/Fire             1
   b - Throw Flame                    Conjuration/Fire             2
   c - Conjure Flame                  Conjuration/Fire             3
   d - Inner Flame                    Hexes/Fire                   3
   e - Sticky Flame                   Conjuration/Fire             4
   f - Fireball                       Conjuration/Fire             5
Miscellaneous
 n - a phial of floods
 o - a sack of spiders
 q - a crystal ball of energy
Comestibles
 c - 5 bread rations
 k - 6 chunks of flesh
 I - 42 fruits
 J - 4 meat rations


   Skills:
 - Level 2.4 Dodging
 - Level 2.4 Stealth
 + Level 9.8 Spellcasting
 + Level 7.9 Conjurations
 + Level 8.7 Fire Magic
 + Level 0.0 Evocations


You had 11 spell levels left.
You knew the following spells:

 Your Spells              Type           Power        Failure   Level  Hunger
a - Flame Tongue          Conj/Fire      #####        1%          1    None
b - Throw Flame           Conj/Fire      ######       1%          2    None
c - Sticky Flame          Conj/Fire      ######..     1%          4    None
d - Fireball              Conj/Fire      ######....   2%          5    None


Dungeon Overview and Level Annotations

Branches:
Dungeon (1/1)

Altars:
Ashenzari
Cheibriados
Dithmenos
Elyvilon
Fedhas
Gozag
Hepliaklqana
Kikubaaqudgha
Makhleb
Nemelex Xobeh
Okawaru
Pakellas
Qazlal
Ru
Sif Muna
Trog
Uskayaw
Vehumet
Xom
Yredelemnul
Zin
The Shining One
Beogh
Jiyva
Lugonu


Message History

Aim: an air elemental The fireball explodes!
The fireball engulfs the air elemental.
The air elemental is heavily damaged.
The fireball engulfs the insubstantial wisp.
The insubstantial wisp resists.
The insubstantial wisp is heavily damaged.
The fireball engulfs the insubstantial wisp.
The insubstantial wisp resists.
The insubstantial wisp is heavily damaged.
The air elemental misses you. The air elemental hits you. x2
The air elemental closely misses you.
Unknown command.
You fade into invisibility!
The air elemental hits you! The air elemental closely misses you.
The air elemental hits you.
* * * LOW HITPOINT WARNING * * *
The air elemental misses you.
The insubstantial wisp barely misses you.
The air elemental hits you!
You die...

▓▓▓▓▓▓▓▓▓▓▓▓▓▓▓▓▓▓▓
▓.8©8.▓.8©8.▓.8©8.▓
▓.)?=.▓..)..▓.....▓
▓..[..▓.....▓...).▓
▓.....▓.....▓.....▓
▓..v..▓.....▓.....▓
▓.EvE.▓..÷..▓.....▓
▓..@..▓.....▓▓▓▓▓▓▓
▓▓▓▓▓▓▓▓▓▓▓▓▓


You could see 2 air elementals and 2 insubstantial wisps.

Vanquished Creatures
  A phantom (D)
  A wolf (D)
  An iguana (D)
  A sheep (D)
  A jackal skeleton (D)
5 creatures vanquished.

Notes
Turn   | Place    | Note
--------------------------------------------------------------
     0 | D        | Ordine the Deep Elf Fire Elementalist began the quest for the Orb.
     0 | D        | Reached XP level 1. HP: 10/10 MP: 6/6
     0 | D        | Found a shimmering altar of Xom.
     1 | D        | Found a burning altar of Makhleb.
     1 | D        | Found a deep blue altar of Sif Muna.
     1 | D        | Found an iron altar of Okawaru.
     1 | D        | Found a bloodstained altar of Trog.
     1 | D        | Found a radiant altar of Vehumet.
     1 | D        | Found a sparkling altar of Nemelex Xobeh.
     4 | D        | Found a roughly hewn altar of Beogh.
     4 | D        | Found a viscous altar of Jiyva.
     4 | D        | Found a corrupted altar of Lugonu.
     4 | D        | Found a blossoming altar of Fedhas.
     4 | D        | Found a white marble altar of Elyvilon.
     4 | D        | Found a snail-covered altar of Cheibriados.
    48 | D        | Became a worshipper of Vehumet
    49 | D        | Reached skill level 6 in Spellcasting
    49 | D        | Reached skill level 5 in Fire Magic
    49 | D        | Reached XP level 2. HP: 15/15 MP: 7/11
    54 | D        | Learned a level 2 spell: Throw Flame
    74 | D        | Entered arena 1.
    74 | D        | Noticed a phantom
    85 | D        | Killed a phantom
    85 | D        | Reached skill level 8 in Spellcasting
    85 | D        | Reached XP level 3. HP: 9/19 MP: 1/14
    85 | D        | Reached XP level 4. HP: 12/24 MP: 1/16
   123 | D        | Learned a level 4 spell: Sticky Flame
   275 | D        | Entered arena 2.
   275 | D        | Noticed a wolf
   279 | D        | Killed a wolf
   279 | D        | Reached * piety under Vehumet
   279 | D        | Offered knowledge of Freeze by Vehumet.
   279 | D        | Reached skill level 9 in Spellcasting
   279 | D        | Reached XP level 5. HP: 27/28 MP: 4/18
   458 | D        | Learned a level 5 spell: Fireball
   468 | D        | Entered arena 3.
   468 | D        | Noticed an insubstantial wisp
   468 | D        | Noticed an air elemental
   468 | D        | Noticed an air elemental
   468 | D        | Noticed an insubstantial wisp
   471 | D        | Slain by an air elemental

Vault maps used:
D:        sprint_v

Skill      XL: |  1  2  3  4 |
---------------+-------------+-----
Spellcasting   | 6 8 9 |  9.8
Conjurations   | 4 6 7 |  7.9
Fire Magic     | 5 7 8 |  8.7
Dodging        | |  2.4
Stealth        | |  2.4

Action                   |  1- 3 |  4- 6 || total
-------------------------+-------+-------++-------
Melee: Staff             |     5 |     7 ||    12
 Cast: Throw Flame       |     5 |     2 ||     7
       Fireball          |       |     2 ||     2
       Sticky Flame      |       |     2 ||     2
       Flame Tongue      |       |     2 ||     2
  Use: Potion            |     2 |     2 ||     4
Armor: Robe              |     1 |       ||     1
Dodge: Dodged            |     2 |    18 ||    20
